 Dungeon Crawl Stone Soup version 0.21-a0-404-g291f19a (webtiles) character file.

69299 sagitran the Carver (level 14, -3/256 HPs)
             Began as a Demonspawn Gladiator on Oct 22, 2017.
             Slain by a water moccasin (5 damage)
             ... on level 6 of the Lair of Beasts on Oct 26, 2017.
             The game lasted 02:44:16 (19313 turns).

sagitran the Carver (Demonspawn Gladiator)         Turns: 19313, Time: 02:44:17

Health: -3/256     AC: 27    Str: 24    XL:     14   Next: 89%
Magic:  0/17       EV:  2    Int: 11    God:
Gold:   761        SH:  6    Dex: 16    Spells: 3/15 levels left

rFire    + + .     SeeInvis .   S - +3 scimitar (flame)
rCold    x . .     Gourm    .   s - +0 buckler
rNeg     + + +     Faith    .   (armour currently unavailable)
rPois    +         Spirit   +   (helmet currently unavailable)
rElec    .         Reflect  .   (cloak currently unavailable)
rCorr    .         Harm     .   (gloves currently unavailable)
MR       ++++.     NoTele   +   (boots currently unavailable)
Stlth    ..........             k - amulet of regeneration
HPRegen  0.92/turn              q - ring of fire
MPRegen  0.30/turn              p - ring of protection from fire

@: mighty, berserking, lethally poisoned (-3 -> -4), tree-form, very quick
A: clever 1, high mp 1, magic resistance 3, powered by pain 3, evolution 1,
magic shield, magic regeneration
a: no special abilities


You were on level 6 of the Lair of Beasts.
You were not hungry.
You were a tree.
You visited 3 branches of the dungeon, and saw 21 of its levels.
You also visited: Sewer.

You collected 1201 gold pieces.
You spent 440 gold pieces at shops.

Inventory:

Hand Weapons
 h - a +6 falchion
 i - a +2 great sword of flaming
 A - a +0 blowgun
 S - a +3 scimitar of flaming (weapon)
Missiles
 x - a throwing net (quivered)
 R - a curare-tipped needle
 Y - 3 tomahawks
Armour
 c - a +0 helmet (melded)
 e - a +4 chain mail (melded)
 j - the +3 hat of Pondering {ponderous, MR+ MP+10 Int+5}
   (You took it off Gastronok on level 12 of the Dungeon)

   It affects your intelligence (+5).
   It affects your resistance to hostile enchantments.
   It affects your magic capacity (+10).
 s - a +0 buckler (worn)
 H - a +0 pair of gloves (melded)
 N - a +2 cloak (melded)
 W - the cursed +0 plate armour of Gallantry {Dex+2}
   (You found it on level 14 of the Dungeon)

   It affects your dexterity (+2).
   It has a curse placed upon it.
Magical Staves
 a - an uncursed staff of conjuration
Jewellery
 k - an amulet of regeneration (around neck)
 p - a ring of protection from fire (right branch)
 q - a ring of fire (left branch)
 M - an uncursed ring of magical power
Wands
 o - a wand of polymorph (14/24)
 w - a wand of flame (18/48)
 y - a wand of acid (2/15)
 z - a wand of disintegration (1/24)
 G - a wand of random effects (48/48)
 I - a wand of paralysis (13/24)
 K - a wand of lightning (4/15)
 V - a wand of enslavement (0/24)
Scrolls
 l - a scroll of blinking
 m - 5 scrolls of identify
 n - 9 scrolls of teleportation
 t - 6 scrolls of recharging
 v - 6 scrolls of fog
 D - 3 scrolls of amnesia
 J - 3 scrolls of fear
 L - a scroll of enchant armour
 Q - 4 scrolls of remove curse
Potions
 d - a potion of ambrosia
 g - 4 potions of agility
 r - a potion of cancellation
 u - 7 potions of flight
 B - a potion of brilliance
 C - 4 potions of resistance
 E - 4 potions of curing
 P - a potion of invisibility
 U - a potion of lignification
Miscellaneous
 X - a lightning rod (3/4)
Comestibles
 f - 7 bread rations
 F - 5 meat rations


   Skills:
 + Level 11.8 Fighting
   Level 0.4(9.8) Short Blades
 + Level 14.7 Long Blades
   Level 0.4 Polearms
 + Level 2.8 Throwing
 + Level 11.6 Armour
 + Level 6.9 Dodging
 + Level 3.4 Stealth
 + Level 8.0 Shields
 + Level 0.3 Unarmed Combat
 + Level 1.2 Spellcasting
 + Level 1.2 Conjurations
 + Level 2.8 Evocations


You had 3 spell levels left.
You knew the following spells:

 Your Spells              Type           Power        Failure   Level  Hunger
a - Magic Dart            Conj           #...         19%         1    ##.....
b - Conjure Flame         Conj/Fire      #.......     58%         3    ####...
c - Bolt of Fire          Conj/Fire      #.........   100%        6    #######
d - Blink                 Tloc           N/A          43%         2    ###....


Dungeon Overview and Level Annotations

Branches:
Dungeon (14/15)            Temple (1/1) D:4            Lair (6/6) D:8
 Shoals (0/4) Lair:2        Snake (0/4) Lair:4          Orc (0/2) D:11
 Vaults (0/5) D:13
  Slime: Lair:5-6

Altars:
Ashenzari
Cheibriados
Dithmenos
Elyvilon
Fedhas
Gozag
Hepliaklqana
Kikubaaqudgha
Makhleb
Nemelex Xobeh
Okawaru
Qazlal
Ru
Sif Muna
Trog
Uskayaw
Vehumet
Wu Jian
Xom
Yredelemnul
Zin
The Shining One

Shops:
D:4 }   D:5 [   D:7 }

Portals:
Trove: D:14 (give +5 fire dragon scales)

Annotations:
D:13 Frances


Innate Abilities, Weirdness & Mutations

((You have razor-sharp toenails.))
((You are partially covered in thin metallic scales. (AC +2)))
You are powered by pain.
When hurt, damage is shared between your health and your magic reserves.
You regenerate magic rapidly.
Your mind is acute. (Int +2)
((Your flesh is very cold resistant. (rC++)))
You have an increased reservoir of magic. (+10% MP)
You are extremely resistant to the effects of hostile enchantments. (MR+++)
((Your system is resistant to poisons. (rPois)))
You evolve.


Message History

You slash the black mamba! You burn the black mamba.
The black mamba is almost dead.
The water moccasin bites you but does no damage.
The black mamba bites you but does no damage.
You closely miss the black mamba.
The black mamba is almost dead.
The wyvern bites you!
* * * LOW HITPOINT WARNING * * *
The water moccasin bites you.
* * * LOW HITPOINT WARNING * * *
You are poisoned.
The water moccasin poisons you!
The black mamba bites you but does no damage.
You are too berserk!
You barely miss the black mamba.
The black mamba is almost dead.
You feel sick. You block the wyvern's attack.
The black mamba bites you but does no damage.
The water moccasin bites you.
You die...

..###.....# ..#
...#...... #...#
...P...... #..l.#
..P.$.%.P #....#
......... #.....
#P.......
#....##S......#
#.P...<♣†.....#
P.#.....l†S......
.................
.................
.................
...#....#.#......
.. ##....###.....
. #.... .....
...... ...


You could see a black mamba, a water moccasin and a wyvern.

Vanquished Creatures
  Rupert (Lair:3)
  Gastronok (D:12)
  Azrael (D:14)
  The ghost of Hasart the Basher, a journeyman GrFi of Gozag (Lair:2)
  A vault guard (D:13)
  2 hydras
  The ghost of AmorphousBlob the Cleaver, a journeyman MfBe of Trog (Lair:1)
  Erica (D:9)
  3 centaur warriors
  5 two-headed ogres
  7 death yaks
  7 skeletal warriors
  2 unseen horrors
  2 wizards (D:13)
  Pikel (D:4)
  An orc knight (D:13)
  An oklob plant (Lair:3)
  A necromancer (D:13)
  3 deep elf magi
  6 ugly things
  5 black mambas
  6 spiny frogs
  3 centaur skeletons
  2 gargoyles
  3 rime drakes
  3 komodo dragons
  5 trolls
  18 blink frogs
  3 polar bears
  7 hippogriffs
  A snapping turtle (Lair:2)
  6 spriggans (Lair:1)
  3 fire elementals
  4 basilisks
  3 fire bats (D:4)
  21 humans (D:13)
  6 wyverns
  50 yaks
  Eustachio (D:6)
  2 hungry ghosts
  Edmund (D:4)
  15 porcupines
  11 water moccasins
  5 hell hounds
  9 orc warriors
  5 ice beasts
  4 sky beasts
  A black bear (D:13)
  A phantom (D:11)
  A necrophage (D:13)
  9 wolves (Lair:3)
  An eye of draining (D:13)
  7 ogres
  14 centaurs
  9 crocodiles
  5 big kobolds
  17 bullfrogs
  8 gnoll sergeants
  A wyvern skeleton (D:7)
  4 scorpions
  8 killer bees
  19 wights
  2 electric eels
  5 howler monkeys
  3 crimson imps
  A quasit (D:12)
  2 centaur zombies
  4 bullfrog zombies
  4 jellies
  4 orc priests
  A gnoll shaman (D:6)
  3 hounds
  3 iguanas
  21 orc wizards
  2 bullfrog skeletons (D:12)
  7 worker ants
  A killer bee zombie (D:7)
  2 howler monkey zombies
  3 worker ant zombies
  20 gnolls
  18 adders
  7 shadow imps
  An ooze (D:4)
  4 adder skeletons
  A worm (D:6)
  9 leopard geckos
  48 orcs
  7 ball pythons
  6 bats
  13 giant cockroaches
  7 goblins
  4 hobgoblins
  3 jackals (D:3)
  5 quokkas
  10 frilled lizards
  A giant cockroach zombie (D:6)
  10 kobolds
  A quokka skeleton (D:10)
  A quokka zombie (D:6)
  6 rats
  2 fungi
  9 plants
616 creatures vanquished.

Vanquished Creatures (others)
  Grinder (D:4)
  A water moccasin (Lair:6)
  A howler monkey (D:4)
  An orc wizard (D:13)
  2 jackals (D:4)
  8 fungi
  25 plants
39 creatures vanquished.

Grand Total: 655 creatures vanquished

Notes
Turn   | Place    | Note
-------+----------+-------------------------------------------
     0 | D:1      | sagitran the Demonspawn Gladiator began the quest for the Orb.
     0 | D:1      | Reached XP level 1. HP: 16/16 MP: 1/1
   213 | D:1      | Reached skill level 3 in Long Blades
   213 | D:1      | Gained mutation: When hurt, damage is shared between your health and your magic reserves. [demonic ancestry]
   213 | D:1      | Reached XP level 2. HP: 22/22 MP: 2/2
   622 | D:2      | Gained mutation: You sometimes gain a little power by taking damage. [demonic ancestry]
   622 | D:2      | Reached XP level 3. HP: 27/27 MP: 3/3
   807 | D:2      | Found an ornate altar of the Wu Jian Council.
  1182 | D:3      | Found a glowing drain.
  1242 | Sewer    | Entered a sewer
  1276 | Sewer    | Gained mutation: You have sharp toenails. [demonic ancestry]
  1276 | Sewer    | Reached XP level 4. HP: 28/33 MP: 2/4
  1340 | Sewer    | Reached skill level 1 in Armour
  1479 | Sewer    | Noticed a bullfrog
  1480 | Sewer    | Noticed a bullfrog
  1486 | Sewer    | Killed a bullfrog
  1486 | Sewer    | Reached skill level 4 in Long Blades
  1486 | Sewer    | Reached XP level 5. HP: 27/39 MP: 5/5
  1495 | Sewer    | Reached skill level 1 in Shields
  1757 | D:3      | Gained mutation: You regenerate magic rapidly. [demonic ancestry]
  1757 | D:3      | Reached XP level 6. HP: 46/46 MP: 4/6
  2016 | D:4      | Noticed Edmund
  2040 | D:3      | Gained mutation: Your body sometimes deteriorates upon taking damage. [potion of mutation]
  2040 | D:3      | Gained mutation: You are dopey. (Int -2) [potion of mutation]
  2040 | D:3      | Gained mutation: Your spells are a little harder to cast, but a little more powerful. [potion of mutation]
  2041 | D:3      | Lost mutation: Your body sometimes deteriorates upon taking damage. [potion of mutation]
  2041 | D:3      | Lost mutation: You are dopey. (Int -2) [potion of mutation]
  2041 | D:3      | Lost mutation: Your spells are a little harder to cast, but a little more powerful. [potion of mutation]
  2041 | D:3      | Gained mutation: Your flesh is cold resistant. (rC+) [potion of mutation]
  2041 | D:3      | Gained mutation: Your muscles are strong. (Str +2) [potion of mutation]
  2041 | D:3      | Gained mutation: Your mind is acute. (Int +2) [potion of mutation]
  2050 | D:4      | Found a staircase to the Ecumenical Temple.
  2065 | Temple   | Entered the Ecumenical Temple
  2317 | D:4      | Reached skill level 5 in Long Blades
  2318 | D:4      | Noticed Pikel
  2320 | D:4      | Noticed a slave
  2321 | D:4      | Noticed a slave
  2322 | D:4      | Noticed a slave
  2323 | D:4      | Noticed a slave
  2338 | D:4      | Killed Pikel
  2338 | D:4      | Reached skill level 6 in Long Blades
  2338 | D:4      | Gained mutation: You sometimes gain power by taking damage. [demonic ancestry]
  2338 | D:4      | Reached XP level 7. HP: 28/53 MP: 5/7
  2390 | D:4      | Found a transporter.
  2447 | D:4      | Killed Edmund
  2456 | D:4      | Gained mutation: You are powered by pain. [demonic ancestry]
  2456 | D:4      | Reached XP level 8. HP: 22/60 MP: 6/8
  2468 | D:4      | Found a transporter.
  2543 | D:4      | Killed Grinder
  2713 | D:4      | Found Rerusem's Gadget Shop.
  2923 | D:4      | Reached skill level 7 in Long Blades
  2923 | D:4      | Reached skill level 1 in Stealth
  3168 | D:5      | Entered Level 5 of the Dungeon
  3268 | D:5      | Found Sagol's Antique Armour Shoppe.
  3760 | D:5      | Gained mutation: You are agile. (Dex +2) [mutagenic meat]
  3761 | D:5      | Gained mutation: Your body sometimes deteriorates upon taking damage. [mutagenic meat]
  3762 | D:5      | Gained mutation: You have an increased reservoir of magic. (+10% MP) [mutagenic meat]
  3765 | D:5      | Gained mutation: You are occasionally teleported next to monsters. [mutagenic meat]
  4037 | D:6      | Reached XP level 9. HP: 65/66 MP: 10/10
  4126 | D:6      | Reached skill level 8 in Long Blades
  4157 | D:6      | Noticed Eustachio
  4171 | D:6      | Killed Eustachio
  4757 | D:7      | Reached skill level 5 in Fighting
  4794 | D:7      | Found Serch's Gadget Shop.
  4837 | D:7      | You fall through a shaft!
  4908 | D:7      | Reached skill level 5 in Armour
  4912 | D:7      | Gained mutation: You have a considerably increased reservoir of magic. (+20% MP) [mutagenic meat]
  4913 | D:7      | Lost mutation: Your mind is acute. (Int +2) [mutagenic meat]
  4914 | D:7      | Lost mutation: Your muscles are strong. (Str +2) [mutagenic meat]
  4915 | D:7      | Gained mutation: Scrolls take you a little longer to read. [mutagenic meat]
  4916 | D:7      | Lost mutation: You are agile. (Dex +2) [mutagenic meat]
  5064 | D:7      | Reached skill level 9 in Long Blades
  5728 | D:7      | You fall through a shaft for 3 floors!
  5728 | D:10     | Entered Level 10 of the Dungeon
  5788 | D:10     | Gained mutation: You are partially covered in thin metallic scales. (AC +2) [demonic ancestry]
  5788 | D:10     | Reached XP level 10. HP: 63/76 MP: 12/12
  6087 | D:8      | Noticed a death yak
  6088 | D:8      | Noticed a death yak
  6091 | D:8      | Noticed a death yak
  6115 | D:8      | Noticed a death yak
  6116 | D:8      | Noticed a death yak
  6118 | D:8      | Noticed a death yak
  6134 | D:8      | Killed a death yak
  6144 | D:8      | Found a staircase to the Lair.
  6301 | D:7      | Killed a death yak
  6301 | D:7      | Reached skill level 10 in Long Blades
  6428 | D:7      | HP: 4/115 [death yak (9)]
  6432 | D:7      | Killed a death yak
  6604 | D:7      | Killed a death yak
  6728 | D:8      | Killed a death yak
  6915 | D:8      | Noticed a death yak
  7009 | D:8      | Killed a death yak
  7009 | D:8      | Reached XP level 11. HP: 43/84 MP: 10/13
  7052 | D:7      | Killed a death yak
  7386 | D:8      | Upgraded the game from 0.21-a0-401-g0b6bec4 to 0.21-a0-404-g291f19a
  7916 | D:7      | Bought a lightning rod (4/4) for 440 gold pieces
  7971 | Lair:1   | Entered Level 1 of the Lair of Beasts
  8057 | Lair:1   | Noticed AmorphousBlob's ghost (journeyman MfBe)
  8153 | Lair:1   | Reached skill level 11 in Long Blades
  8308 | Lair:1   | Noticed an eight-headed hydra
  8574 | D:9      | Learned a level 1 spell: Magic Dart
  8578 | D:9      | Learned a level 3 spell: Conjure Flame
  8669 | D:9      | Noticed a two-headed ogre
  8686 | D:9      | Killed a two-headed ogre
  9151 | D:9      | Noticed Erica
  9169 | D:9      | Killed Erica
  9217 | D:10     | Noticed a two-headed ogre
  9236 | D:10     | Killed a two-headed ogre
  9236 | D:10     | Reached skill level 5 in Dodging
  9236 | D:10     | Reached skill level 1 in Spellcasting
  9236 | D:10     | Reached skill level 1 in Conjurations
 10161 | D:11     | Noticed a two-headed ogre
 10176 | D:11     | Killed a two-headed ogre
 10176 | D:11     | Reached XP level 12. HP: 49/93 MP: 14/16
 10319 | D:11     | Reached skill level 12 in Long Blades
 10393 | D:11     | Found a staircase to the Orcish Mines.
 10730 | D:12     | Reached skill level 5 in Shields
 10949 | D:12     | Noticed a two-headed ogre
 10960 | D:12     | Killed a two-headed ogre
 11020 | D:12     | Noticed Gastronok
 11063 | D:12     | Killed Gastronok
 11099 | D:12     | Noticed a two-headed ogre
 11112 | D:12     | Killed a two-headed ogre
 11164 | D:12     | Found a white marble altar of Elyvilon.
 11384 | D:12     | Gained mutation: You have razor-sharp toenails. [mutagenic meat]
 11385 | D:12     | Gained mutation: You evolve. [mutagenic meat]
 11504 | D:12     | Gained mutation: Your mind is acute. (Int +2) [mutagenic meat]
 11744 | D:13     | Reached skill level 13 in Long Blades
 11748 | D:13     | Noticed Frances
 11757 | D:14     | Found a portal to a secret trove of treasure.
 11764 | D:14     | Noticed Azrael
 11947 | D:13     | Noticed a centaur warrior
 12005 | D:13     | Killed a centaur warrior
 12005 | D:13     | Reached XP level 13. HP: 33/101 MP: 16/17
 12179 | D:13     | Gained mutation: You are resistant to hostile enchantments. (MR+) [mutagenic meat]
 12180 | D:13     | Gained mutation: Your flesh is very cold resistant. (rC++) [mutagenic meat]
 12181 | D:13     | Lost mutation: You are occasionally teleported next to monsters. [mutagenic meat]
 12182 | D:13     | Gained mutation: You possess an exceptional clarity of mind. [mutagenic meat]
 12513 | D:13     | Reached skill level 10 in Armour
 12852 | D:13     | Reached skill level 1 in Evocations
 12998 | D:13     | Found a gate to the Vaults.
 13255 | D:13     | Reached skill level 10 in Fighting
 13902 | D:14     | Killed Azrael
 14473 | D:14     | Learned a level 6 spell: Bolt of Fire
 14476 | D:14     | Learned a level 2 spell: Blink
 14516 | D:14     | Reached skill level 14 in Long Blades
 14546 | D:14     | HP: 5/104 [poisoned by a green ugly thing]
 14547 | D:14     | HP: 2/104 [poisoned by a green ugly thing]
 14832 | D:14     | Mutation became permanent: You have sharp toenails. [demonic ancestry]
 14832 | D:14     | Gained mutation: You have razor-sharp toenails. [demonic ancestry]
 14832 | D:14     | Reached XP level 14. HP: 106/111 MP: 18/18
 14988 | D:14     | Got a twisted plate armour
 14991 | D:14     | Identified the cursed +0 plate armour of Gallantry {Dex+2} (You found it on level 14 of the Dungeon)
 15439 | Lair:1   | Killed AmorphousBlob's ghost
 15680 | Lair:1   | Lost mutation: You have a considerably increased reservoir of magic. (+20% MP) [potion of mutation]
 15680 | Lair:1   | Lost mutation: You evolve. [potion of mutation]
 15680 | Lair:1   | Lost mutation: You possess an exceptional clarity of mind. [potion of mutation]
 15680 | Lair:1   | Lost mutation: Scrolls take you a little longer to read. [potion of mutation]
 15680 | Lair:1   | Lost mutation: Your body sometimes deteriorates upon taking damage. [potion of mutation]
 15680 | Lair:1   | Gained mutation: Your system is resistant to poisons. (rPois) [potion of mutation]
 15680 | Lair:1   | Gained mutation: You evolve. [potion of mutation]
 15680 | Lair:1   | Gained mutation: You are highly resistant to hostile enchantments. (MR++) [potion of mutation]
 16250 | Lair:2   | Noticed Hasart's ghost (journeyman GrFi)
 16285 | Lair:2   | Killed Hasart's ghost
 16519 | Lair:2   | Found a staircase to the Shoals.
 16615 | Lair:3   | Found a stormy altar of Qazlal.
 16682 | Lair:3   | Noticed Rupert
 16688 | Lair:3   | Paralysed by Rupert for 5 turns
 16711 | Lair:3   | Killed Rupert
 18216 | Lair:4   | Found a staircase to the Snake Pit.
 18446 | Lair:4   | Gained mutation: You are extremely resistant to the effects of hostile enchantments. (MR+++) [evolution]
 19252 | Lair:6   | Entered Level 6 of the Lair of Beasts
 19310 | Lair:6   | HP: 9/256 [wyvern (4)]
 19312 | Lair:6   | HP: 4/256 [wyvern (6)]
 19313 | Lair:6   | Slain by a water moccasin

Vault maps used:
D:1:      scummos_arrival_forest
D:2:      lemuel_doored_altar, roderic_roman_lattice
D:3:      portal_sewer_entry_f
D:4:      gammafunk_cloud_chamber, minmay_temple_entry_hall, serial_shops,
          shop_statue, uniq_edmund, uniq_pikel, uniq_grinder
D:5:      first_bread, serial_shops, nicolae_shop_overgrown_old_shop
D:6:      uniq_eustachio
D:7:      serial_shops, nicolae_shop_temple_entry_statues_fountains
D:8:      dpeg_lair_monsters, serial_bayou_pond_a
D:9:      minmay_flawed_box, uniq_erica
D:10:     amethyst_killhole, grunt_ogre_cave, serial_bayou_lagoon_a
D:11:     kennysheep_orc_monster_closet_entryway
D:12:     basic_altar, uniq_gastronok
D:13:     grunt_vaults_entry_tiered, serial_bayou, serial_bayou_shore_b,
          serial_bayou_pond_e, serial_bayou_pond_c, serial_bayou_ford_a,
          uniq_frances
D:14:     minivault_27, enter_trove_1, uniq_azrael
Temple:   minmay_crystal_snake_temple
Lair:1:   st_stairs_11, wad_woods_01
Lair:2:   minmay_shoals_entry_hut, beast_lair_carwin_5
Lair:3:   lemuel_oklob_altar, uniq_rupert
Lair:4:   minmay_snake_entry_six_corridors
Lair:6:   hangedman_lair_tendril_chambers, guppyfry_lair_end_dragon,
          nicolae_slime_entry_slimehenge, serial_bayou_shore_b, uniq_snorg
Sewer:    sewer_frog_island_01

Skill      XL: |  1  2  3  4  5  6  7  8  9 10 11 12 13 14 |
---------------+-------------------------------------------+-----
Long Blades    | 3 4 6 7 9 10 11 13 14 | 14.7
Dodging        | 3 4 5 6 |  6.9
Armour         | 1 3 4 5 7 8 9 10 11 | 11.6
Shields        | 1 2 3 4 5 6 8 |  8.0
Fighting       | 3 4 5 7 8 9 10 11 | 11.8
Throwing       | 2 |  2.8
Stealth        | 1 3 |  3.4
Spellcasting   | 1 |  1.2
Conjurations   | 1 |  1.2
Evocations     | 1 2 |  2.8
Short Blades   | |  0.4
Polearms       | |  0.4
Unarmed Combat | |  0.3

Action                   |  1- 3 |  4- 6 |  7- 9 | 10-12 | 13-15 || total
-------------------------+-------+-------+-------+-------+-------++-------
Melee: Long sword        |   128 |   141 |   394 |       |       ||   663
       Kick              |       |    33 |   160 |   465 |   476 ||  1134
       Spear             |       |       |     5 |       |       ||     5
       Dagger            |       |       |     2 |       |       ||     2
       Falchion          |       |       |       |  1075 |   270 ||  1345
       Scimitar          |       |       |       |    31 |   826 ||   857
       Short sword       |       |       |       |     1 |       ||     1
       Great sword       |       |       |       |       |    90 ||    90
       Unarmed           |       |       |       |       |     5 ||     5
 Fire: Blowgun           |       |       |     4 |     3 |     3 ||    10
Throw: Throwing net      |       |     4 |     2 |     2 |     1 ||     9
       Tomahawk          |       |       |       |     2 |       ||     2
Evoke: Wand              |       |       |     1 |     7 |    22 ||    30
       Lightning rod     |       |       |       |       |     8 ||     8
       Phantom mirror    |       |       |       |       |     1 ||     1
  Use: Scroll            |     1 |     2 |    13 |    12 |     4 ||    32
       Potion            |       |     2 |     8 |     6 |    14 ||    30
 Stab: Held in net/web   |       |       |     2 |     6 |       ||     8
       Invisible         |       |       |       |     1 |       ||     1
  Eat: Chunk             |     1 |     4 |    18 |    18 |    10 ||    51
       Bread ration      |       |       |     1 |       |     2 ||     3
       Meat ration       |       |       |     1 |     1 |     1 ||     3
       Fruit             |       |       |       |     3 |     2 ||     5
       Royal jelly       |       |       |       |     2 |     2 ||     4
Armor: Chain mail        |   174 |   103 |   295 |   434 |   628 ||  1634
       Skin              |       |       |       |     6 |    80 ||    86
Dodge: Dodged            |    63 |    59 |   216 |   358 |   590 ||  1286
Block: Buckler           |    30 |    29 |   126 |   217 |   329 ||   731
       Rpst.: Long sword |    17 |    21 |    55 |       |       ||    93
       Falchion          |       |       |       |    88 |    48 ||   136
       Scimitar          |       |       |       |       |   111 ||   111
       Great sword       |       |       |       |       |    15 ||    15

Table legend:
 A = Spawn XP
 B = Non-spawn XP
 C = Spawn XP percentage of total XP
 D = Spawn monster count
 E = Non-spawn monster count
 F = Spawn count percentage of total count
 G = Total turns spent on level
                    A         B        C        D         E        F      G
               +---------+---------+-------+---------+---------+-------+---------
         Total |       0 |   98999 |   0.0 |       0 |     606 |   0.0 | 19313
               +---------+---------+-------+---------+---------+-------+---------
           D:1 |       0 |      33 |   0.0 |       0 |      12 |   0.0 |   577
           D:2 |       0 |      27 |   0.0 |       0 |      15 |   0.0 |   605
           D:3 |       0 |     133 |   0.0 |       0 |      31 |   0.0 |   570
           D:4 |       0 |    1707 |   0.0 |       0 |      16 |   0.0 |  1059
           D:5 |       0 |     449 |   0.0 |       0 |      13 |   0.0 |   844
           D:6 |       0 |     880 |   0.0 |       0 |      32 |   0.0 |   767
           D:7 |       0 |    5308 |   0.0 |       0 |      39 |   0.0 |  1845
           D:8 |       0 |    3142 |   0.0 |       0 |      19 |   0.0 |  1167
           D:9 |       0 |    3187 |   0.0 |       0 |      25 |   0.0 |   846
          D:10 |       0 |    2215 |   0.0 |       0 |      23 |   0.0 |   775
          D:11 |       0 |    5264 |   0.0 |       0 |      46 |   0.0 |   787
          D:12 |       0 |    8391 |   0.0 |       0 |      34 |   0.0 |  1070
          D:13 |       0 |   20331 |   0.0 |       0 |     103 |   0.0 |  2385
          D:14 |       0 |   11126 |   0.0 |       0 |      29 |   0.0 |   979
        Lair:1 |       0 |    8184 |   0.0 |       0 |      31 |   0.0 |  1093
        Lair:2 |       0 |    5031 |   0.0 |       0 |      19 |   0.0 |   827
        Lair:3 |       0 |   11575 |   0.0 |       0 |      43 |   0.0 |  1206
        Lair:4 |       0 |    4931 |   0.0 |       0 |      26 |   0.0 |   760
        Lair:5 |       0 |    4993 |   0.0 |       0 |      23 |   0.0 |   617
        Lair:6 |       0 |    1851 |   0.0 |       0 |       7 |   0.0 |    61
         Sewer |       0 |     241 |   0.0 |       0 |      20 |   0.0 |   275
               +---------+---------+-------+---------+---------+-------+---------
